 Dungeon Crawl Stone Soup version 0.27-a0-1193-g8631133539 (webtiles) character file.

Game seed: 13322067380561053441

124 avis the Chopper (level 5, -4/46 HPs)
             Began as a Hill Orc Monk on May 26, 2021.
             Slain by Sigmund
             ... wielding a +0 scythe
              (10 damage)
             ... on level 2 of the Dungeon.
             The game lasted 00:11:08 (3918 turns).

avis the Chopper (Hill Orc Monk)                    Turns: 3918, Time: 00:11:09

Health: -4/46      AC:  3    Str: 15    XL:     5   Next: 8%
Magic:  5/5        EV: 12    Int: 10    God:
Gold:   81         SH:  0    Dex: 13    Spells: 4/4 levels left

rFire    . . .     SeeInvis .   a - +0 hand axe
rCold    . . .     Faith    .   (no shield)
rNeg     . . .     Spirit   .   b - +0 robe
rPois    .         Reflect  .   (no helmet)
rElec    .         Harm     .   (no cloak)
rCorr    .         Rampage  .   (no gloves)
Will     .....                  q - +0 pair of boots
Stlth    ++........             (no amulet)
HPRegen  0.15/turn              (no ring)
MPRegen  0.09/turn              (no ring)

@: hasted, very quick
A: no striking features
a: no special abilities


You were on level 2 of the Dungeon.
You visited 1 branch of the dungeon, and saw 3 of its levels.

You collected 81 gold pieces.

Inventory:

Hand Weapons
 a - a +0 hand axe (weapon)
 j - a +0 dagger of venom
 m - a +0 trident
 p - a +0 hand crossbow
Missiles
 c - 56 stones
 i - 72 arrows
 k - 3 boomerangs (quivered)
Armour
 b - a +0 robe (worn)
 q - a +0 pair of boots (worn)
Scrolls
 d - a scroll of magic mapping {unknown}
 e - a scroll of blinking {unknown}
 f - 4 scrolls of torment {unknown}
 h - 4 scrolls of identify {unknown}
 l - 2 scrolls of fog {unknown}
 n - a scroll of noise {unknown}
 o - a scroll of immolation {unknown}
Potions
 g - 2 potions of curing


   Skills:
 + Level 4.1 Fighting
 * Level 7.1 Axes
 - Level 2.4 Dodging
 - Level 1.5 Stealth


You had 4 spell levels left.
You didn't know any spells.
Your spell library contained the following spells:

 Spells                   Type           Power      Damage    Failure   Level
 Magic Dart               Conj           0%         1d3       36%         1
 Blink                    Tloc           N/A        N/A       50%         2
 Call Imp                 Summ           0%         N/A       50%         2
 Slow                     Hex            0%         N/A       50%         2
 Conjure Flame            Conj/Fire      0%         6-21      75%         3
 Mephitic Cloud           Conj/Pois/Air  0%         N/A       75%         3


Dungeon Overview and Level Annotations

Branches:
Dungeon (3/15)

Altars:

Annotations:
D:2 Sigmund


Message History

There is a stone staircase leading up here.
You climb upwards.
There is a stone staircase leading down here.
HP restored.
There is an open door here.
There is a stone staircase leading down here.
You climb downwards.
Level annotation: Sigmund
There is a stone staircase leading up here.
There is an escape hatch in the ceiling here.
Sigmund is nearby!
Sigmund shouts!
Sigmund misses you.
There is a stone staircase leading up here.
Sigmund closely misses you.
You climb upwards.
There is a stone staircase leading down here.
You barely miss Sigmund. Sigmund misses you.
You hit Sigmund.
Sigmund is lightly wounded.
Sigmund hits you but does no damage.
You hit Sigmund but do no damage.
Sigmund is lightly wounded.
Sigmund casts a spell at himself.
Sigmund flickers and vanishes!
Deactivating autopickup; reactivate with Ctrl-A.
You hit something. Something hits you.
You hit something. You barely miss something. Something hits you.
You hit something. Something hits you!
You barely miss something. Something hits you.
You hit something. Something hits you!
You hit something but do no damage. Something hits you.
You hit something. Something hits you!
* * * LOW HITPOINT WARNING * * *
You hit something. Something hits you.
* * * LOW HITPOINT WARNING * * *
Okay, then.
It was a potion of haste.
You feel yourself speed up. Something hits you!
You die...

##### ##################
#...#######
#................######...##.....
#................'.........#.....
#................#########.#.....
#######.....####@{...............
##....#....................
#.##.#....##.######....##.
########..#.#.......######....#..
#.......#.#...................#..
#.......'...####..............#..
#.......#########..........####..
#.......# #.....#..........####..
#.......# #.....#...######.##...#


There were no monsters in sight!

Vanquished Creatures
  A gnoll (D:1)
  6 adders
  2 dart slugs (D:2)
  8 bats
  5 endoplasms
  A giant cockroach (D:3)
  6 goblins
  2 hobgoblins
  3 jackals
  2 quokkas
  6 ball pythons
  2 frilled lizards
  8 kobolds
  7 rats
59 creatures vanquished.

Notes
Turn   | Place    | Note
-------+----------+-------------------------------------------
     0 | D:1      | avis the Hill Orc Monk began the quest for the Orb.
     0 | D:1      | Reached XP level 1. HP: 19/19 MP: 1/1
   525 | D:1      | Reached XP level 2. HP: 15/26 MP: 2/2
   779 | D:2      | Reached skill level 5 in Axes
   892 | D:1      | Reached XP level 3. HP: 6/31 MP: 3/3
  1606 | D:1      | Reached skill level 6 in Axes
  2277 | D:2      | Reached XP level 4. HP: 25/39 MP: 4/4
  3308 | D:3      | Noticed Sigmund
  3399 | D:3      | Reached skill level 7 in Axes
  3649 | D:3      | Reached XP level 5. HP: 46/46 MP: 5/5
  3918 | D:2      | Slain by Sigmund

Illustrated notes

Levels and vault maps discovered:
D:1:      dpeg_arrival_leaves_temple_mockup, layout_loops_corners,
          minmay_unequal
D:2:      layout_basic, minmay_fountain_box, minmay_three_crescents
D:3:      layout_basic, uniq_sigmund

Skill      XL: |  1  2  3  4 |
---------------+-------------+-----
Axes           | 5 6 7 |  7.1
Fighting       | 4 |  4.1
Dodging        | |  2.4
Stealth        | |  1.5

Action                   |  1- 3 |  4- 6 || total
-------------------------+-------+-------++-------
Melee: Hand axe          |   121 |    78 ||   199
Throw: Boomerang         |       |    35 ||    35
       Stone             |       |     1 ||     1
  Use: Potion            |       |     3 ||     3
 Stab: Sleeping          |     7 |       ||     7
Armor: Robe              |    45 |    13 ||    58
Dodge: Dodged            |   102 |    32 ||   134

Table legend: (Time is in decaauts)
 A = Elapsed time spent in this place.
 B = Non-inter-level travel time spent in this place.
 C = Inter-level travel time spent in this place.
 D = Time resting spent in this place.
 E = Time spent auto-exploring this place.
 F = Levels seen in this place.
 G = Mean time per level.
                   A        B        C        D        E       F      G
               +--------+--------+--------+--------+--------+-----+--------+
         Total |   3937 |   3695 |    242 |   1633 |   1461 |   3 | 1312.3 |
       Dungeon |   3937 |   3695 |    242 |   1633 |   1461 |   3 | 1312.3 |
               +--------+--------+--------+--------+--------+-----+--------+

Top non-repeatable levels by time:
     D:1: 1756 daAuts
     D:2: 1677 daAuts
     D:3: 504 daAuts
